 Dungeon Crawl Stone Soup version 0.31.0-32-g396128a36d (webtiles) character file.

Game seed: 9049084056030251990

468 hawla the Firebug (level 6, 0/32 HPs)
             Began as a Deep Elf Fire Elementalist on Apr 7, 2024.
             Slain by an ogre
             ... wielding a +0 giant spiked club
              (7 damage)
             ... on level 4 of the Dungeon.
             The game lasted 00:06:58 (3891 turns).

hawla the Firebug (Deep Elf Fire Elementalist)      Turns: 3891, Time: 00:06:58

Health: 0/32       AC:  5    Str:  5    XL:     6   Next: 81%
Magic:  14/14      EV: 12    Int: 22    God:
Gold:   694        SH:  0    Dex: 15    Spells: 6/13 levels left

rFire   . . .        g - +3 dagger (venom)
rCold   . . .        (no shield)
rNeg    + . .        a - +1 robe
rPois   .            (no helmet)
rElec   .            (no cloak)
rCorr   .            c - +1 pair of gloves
SInv    .            (no boots)
Will    .....        (no amulet)
Stlth   ++           k - ring of positive energy
HPRegen 0.25/turn    q - +4 ring of slaying
MPRegen 0.14/turn

%: no passive effects
@: about to teleport
A: no striking features
a: no special abilities


You were on level 4 of the Dungeon.
You visited 1 branch of the dungeon, and saw 4 of its levels.

You collected 694 gold pieces.

Inventory:

Hand Weapons
 g - a +3 dagger of venom (weapon)
Armour
 a - a +1 robe (worn)
 c - a +1 pair of gloves (worn)
Magical Staves
 r - a staff of death
Jewellery
 k - a ring of positive energy (left hand)
 q - a +4 ring of slaying (right hand)
Wands
 e - a wand of paralysis (3)
 o - a wand of roots (10)
Scrolls
 h - a scroll of poison
 m - 2 scrolls of teleportation
 s - a scroll of identify {unknown}
Potions
 b - a potion of magic
 d - a potion of invisibility {unknown}
 f - 2 potions of brilliance {unknown}
 i - a potion of mutation {unknown}
 j - a potion of attraction {unknown}
 l - 2 potions of heal wounds {unknown}
 n - a potion of haste {unknown}
 p - a potion of resistance {unknown}


   Skills:
 - Level 2.4 Dodging
 - Level 2.4 Stealth
 - Level 4.2 Spellcasting
 - Level 3.2 Conjurations
 + Level 2.5 Necromancy
 + Level 6.4 Fire Magic
 + Level 2.2 Evocations


You had 6 spell levels left.
You knew the following spells:

 Your Spells              Type           Power      Damage    Failure   Level
a - Foxfire               Conj/Fire      100%       2x1d9     1%          1
b - Scorch                Fire           66%        2d7       1%          2
c - Flame Wave            Conj/Fire      26%        2d8       14%         4

Your spell library contained the following spells:

 Spells                   Type           Power      Damage    Failure   Level
 Magic Dart               Conj           76%        1d6       2%          1
 Searing Ray              Conj           38%        2d5       4%          2
 Inner Flame              Hex/Fire       18%        N/A       9%          3
 Volatile Blastmotes      Fire/Tloc      36%        2d13      9%          3
 Cigotuvi's Dreadful Rot  Necr/Alch/Air  16%        N/A       12%         2
 Dazzling Flash           Conj/Hex       22%        N/A       17%         3
 Mephitic Cloud           Conj/Alch/Air  9%         N/A       22%         3
 Dispel Undead            Necr           15%        3d10      36%         4
 Fulminant Prism          Conj/Alch      5%         3d7       50%         4
 Martyr's Knell           Necr/Summ      10%        N/A       54%         4
 Curse of Agony           Necr           15%        N/A       73%         5
 Silence                  Hex/Air        2%         N/A       97%         5
 Death Channel            Necr           7%         N/A       99%         6


Dungeon Overview and Level Annotations

Branches:
Dungeon (4/15)
 Temple: D:4-7

Altars:
Dithmenos

Annotations:
D:3 1 runed translucent door, Tripartite's ghost, amateur MfSu


Message History

a +0 whip; a gnoll corpse You see here a +0 flail.
You see here a +0 whip.
You open the door.
There is an open door here.
You open the door.
There is an open door here.
Found 2 stones.
r - a staff of death
l - 2 bubbling inky potions (gained 1)
You now have 694 gold pieces (gained 9).
Found a blade talisman.
Found a stone staircase leading up.
No target in view!
You see here a blade talisman.
s - a scroll labelled QEUTAO DIYFOZ You open the door.
There is an open door here.
You open the door. You open the door.
An ogre comes into view. It is wielding a +0 giant spiked club.
An ogre is nearby!
An ogre is nearby!
An ogre is nearby!
There is an open door here.
A bombardier beetle comes into view.
The ogre shouts!
There is an open door here.
The ogre misses you.
There is an open door here.
You barely miss the ogre.
The ogre hits you with a +0 giant spiked club!!
Ouch! That really hurt!
* * * LOW HITPOINT WARNING * * *
As you read the scroll labelled MEUWNE SEPNAZ, it crumbles to dust.
You feel strangely unstable.
It was a scroll of teleportation.
An orc comes into view. It is wielding a +0 falchion.
The ogre attacks as it pursues you!
The ogre hits you with a +0 giant spiked club!
You die...

##.##...#######
#.##.#.......#
#.##...#####.## ##+######
#.... ### ##...## #..##
..o.### ##.....## #..##
#.... ##.......## ##..%.
###....###.........####...##
........B'O@.......'..<....#
#......###.........##.......
#.#..## ##.......###.##....
#. ##.....## #.###### ..
##...## #.# #### #. ##'##
#.# #... # #.# #.# #.## #.#
#.# #.# ##.## #.###.##


You could see an ogre and a bombardier beetle.

Vanquished Creatures
  Eustachio (D:4)
  2 bombardier beetles
  A jelly (D:4)
  An orc priest (D:3)
  An iguana (D:4)
  4 gnolls (D:4)
  2 adders
  5 dart slugs
  2 ribbon worms (D:2)
  7 orcs (D:3)
  6 endoplasms
  2 giant cockroaches
  10 goblins
  4 hobgoblins
  14 jackals
  6 kobolds
  3 quokkas
  4 ball pythons
  4 bats
  4 frilled lizards
  6 rats
89 creatures vanquished.

Vanquished Creatures (others)
  143 foxfires
143 creatures vanquished.

Grand Total: 232 creatures vanquished

Notes
Turn   | Place    | Note
-------+----------+-------------------------------------------
     0 | D:1      | hawla the Deep Elf Fire Elementalist began the quest for
                  | the Orb.
     0 | D:1      | Reached XP level 1. HP: 10/10 MP: 6/6
   156 | D:1      | Reached skill level 4 in Fire Magic
   156 | D:1      | Reached XP level 2. HP: 15/15 MP: 5/8
   543 | D:1      | Learned a level 2 spell: Scorch
   648 | D:1      | Reached XP level 3. HP: 19/19 MP: 6/9
  1126 | D:2      | Identified a scroll of acquirement
  1126 | D:2      | Acquired 510 gold pieces
  1231 | D:2      | Found a faded altar of an unknown god.
  1360 | D:2      | Reached skill level 5 in Fire Magic
  1651 | D:2      | Reached XP level 4. HP: 24/24 MP: 5/10
  1671 | D:2      | Learned a level 4 spell: Flame Wave
  2383 | D:3      | Found a shadowy altar of Dithmenos.
  2549 | D:3      | Reached XP level 5. HP: 28/28 MP: 10/12
  2645 | D:3      | Found a runed translucent door.
  2645 | D:3      | Noticed Tripartite's ghost (amateur MfSu)
  2830 | D:3      | Reached skill level 1 in Necromancy
  3125 | D:4      | Noticed Eustachio
  3271 | D:4      | Reached skill level 1 in Evocations
  3403 | D:4      | Reached skill level 6 in Fire Magic
  3421 | D:4      | Killed Eustachio
  3422 | D:4      | Reached XP level 6. HP: 32/32 MP: 1/14
  3891 | D:4      | Slain by an ogre

Illustrated notes

Levels and vault maps discovered:
D:1:      pf_arrival_petrified_forest, layout_basic, corexii_corridor_pit,
          grunt_decor_cap
D:2:      layout_basic, hellmonk_ecumenical_altar_heavens_door, minmay_bisected
D:3:      layout_basic, mainiacjoe_overflow_alcove_2, gammafunk_ghost_grave,
          minmay_crystal_water
D:4:      layout_loops_corners, uniq_eustachio

Skill      XL: |  1  2  3  4  5  6 |
---------------+-------------------+-----
Fire Magic     | 4 5 6 |  6.4
Conjurations   | 2 3 |  3.2
Necromancy     | 2 |  2.5
Evocations     | 1 2 |  2.2
Spellcasting   | 4 |  4.2
Dodging        | |  2.4
Stealth        | |  2.4

Action                     |  1- 3 |  4- 6 || total
---------------------------+-------+-------++-------
  Melee: Unarmed           |     1 |       ||     1
         Short sword       |    17 |     2 ||    19
         Dagger            |       |    55 ||    55
         Punch             |       |     2 ||     2
   Cast: Foxfire           |    53 |    26 ||    79
         Scorch            |    10 |     5 ||    15
         Flame Wave        |       |     4 ||     4
    Use: Scroll            |     3 |     5 ||     8
   Stab: Sleeping          |       |     3 ||     3
 Armour: Robe              |    19 |    51 ||    70
  Dodge: Dodged            |    16 |    54 ||    70
